 Dungeon Crawl Stone Soup version 0.29-a0-121-g8efb068a30 (webtiles) character file.

Game seed: 4449961887467154427

10277 Grim the Brawler (level 11, 0/109 HPs)
             Began as a Troll Monk on Feb 20, 2022.
             Was a High Priest of Cheibriados.
             Succumbed to a killer bee's poison
             ... on level 11 of the Dungeon.
             The game lasted 00:20:47 (8600 turns).

Grim the Brawler (Troll Monk)                       Turns: 8600, Time: 00:20:47

Health: 0/109      AC: 14    Str: 33    XL:     11   Next: 34%
Magic:  5/10       EV: 11    Int: 22    God:    Cheibriados [*****.]
Gold:   296        SH:  0    Dex: 24    Spells: 5/10 levels left

rFire   . . .      SeeInvis +     - Unarmed
rCold   . . .      Faith    .   (no shield)
rNeg    . . .      Spirit   .   E - +0 acid dragon scales
rPois   .          Reflect  .   H - +2 hat
rElec   .          Harm     .   (no cloak)
rCorr   +          Rampage  .   (gloves unavailable)
Will    .....                   (boots unavailable)
Stlth   ++........              b - amulet of the acrobat
HPRegen 1.08/turn               e - +4 ring of protection
MPRegen 0.12/turn               C - ring of see invisible

@: lethally poisoned (0 -> -3), about to teleport, very slow
A: large, unfitting armour, claws 3, regeneration 1, shaggy fur 1, tough skin 1
a: Renounce Religion, Bend Time, Temporal Distortion, Slouch, Step From Time


You were on level 11 of the Dungeon.
You worshipped Cheibriados.
Cheibriados was extremely pleased with you.
You visited 2 branches of the dungeon, and saw 12 of its levels.

You collected 686 gold pieces.
You spent 390 gold pieces at shops.

Inventory:

Missiles
 a - 27 poisoned darts (quivered)
 c - 4 throwing nets
 f - 201 stones
 p - 5 boomerangs
 u - 3 boomerangs of dispersal
 A - 2 curare-tipped darts
Armour
 E - +0 acid dragon scales (worn)
 H - a +2 hat (worn)
Jewellery
 b - an amulet of the acrobat (around neck)
 e - a +4 ring of protection (left claw)
 t - a ring of ice
 w - a ring of flight
 y - a ring of ice
 C - a ring of see invisible (right claw)
Wands
 d - a wand of paralysis (2)
 o - a wand of polymorph (5)
 v - a wand of flame (17)
 G - a wand of charming (6)
 J - a wand of iceblast (6)
 K - a wand of mindburst (6)
Scrolls
 g - 4 scrolls of enchant armour
 j - a scroll of teleportation
 m - 2 scrolls of vulnerability {unknown}
 n - a scroll of amnesia {unknown}
 r - a scroll of torment {unknown}
 s - a scroll of fog {unknown}
 B - 3 scrolls of enchant weapon {unknown}
 D - a scroll of magic mapping {unknown}
 F - a scroll of blinking {unknown}
 L - a scroll of acquirement {unknown}
Potions
 h - a potion of flight {unknown}
 i - 6 potions of curing
 l - a potion of mutation {unknown}
 q - 5 potions of brilliance
 x - 3 potions of berserk rage {unknown}
 z - 4 potions of attraction {unknown}
 M - a potion of heal wounds
Miscellaneous
 I - a box of beasts


   Skills:
 * Level 7.6 Fighting
 - Level 2.4 Dodging
 - Level 1.0 Stealth
 - Level 15.0 Unarmed Combat
 + Level 4.5 Earth Magic


You had 5 spell levels left.
You knew the following spells:

 Your Spells              Type           Power      Damage    Failure   Level
a - Lee's Rapid Deconstr  Erth           9%         3d8*      65%         5

Your spell library contained the following spells:

 Spells                   Type           Power      Damage    Failure   Level
 Corpse Rot               Necr/Air       0%         N/A       30%         2
 Ignite Poison            Fire/Tmut/Pois 0%         N/A       52%         3
 Mephitic Cloud           Conj/Pois/Air  0%         N/A       52%         3
 Dispel Undead            Necr           0%         3d6       89%         4
 Fulminant Prism          Conj/Hex       0%         3d6       89%         4
 Iskenderun's Mystic Bla  Conj/Tloc      0%         2d3       89%         4
 Freezing Cloud           Conj/Ice/Air   0%         6-21      99%         5
 Death Channel            Necr           0%         N/A       100%        6


Dungeon Overview and Level Annotations

Branches:
Dungeon (11/15)            Temple (1/1) D:7            Lair (0/6) D:9
    Orc (0/2) D:9

Altars:
Ashenzari
Cheibriados
Dithmenos
Elyvilon
Fedhas
Gozag
Hepliaklqana
Kikubaaqudgha
Makhleb
Nemelex Xobeh
Okawaru
Qazlal
Ru
Sif Muna
Trog
Uskayaw
Vehumet
Wu Jian
Xom
Yredelemnul
Zin
The Shining One

Shops:
D:9 =

Portals:
Trove: D:11 (give 2 scrolls of acquirement)


Innate Abilities, Weirdness & Mutations

You are too large for most types of armour.
You have claws for hands.
Your natural rate of healing is unusually fast.
You are covered in fur. (AC +1)
You have tough skin. (AC +1)


Message History

Cheibriados thoroughly appreciates the change of pace.
You kill the killer bee!
Cheibriados thoroughly appreciates the change of pace.
Cheibriados lowers the support of your attributes as your movement quickens.
The killer bee explodes!
Cheibriados thoroughly appreciates the change of pace.
You feel a bit more experienced.
Cheibriados thoroughly appreciates the change of pace.
You feel a bit more experienced.
Cheibriados thoroughly appreciates the change of pace.
You feel a bit more experienced.
You hear an explosion!
Cheibriados thoroughly appreciates the change of pace.
You feel a bit more experienced.
Cheibriados thoroughly appreciates the change of pace.
You feel a bit more experienced.
Cheibriados thoroughly appreciates the change of pace.
You feel a bit more experienced.
The fiery explosion engulfs the queen bee!!
You kill the queen bee!
Cheibriados thoroughly appreciates the change of pace.
Cheibriados raises the support of your attributes as your movement slows.
You hear an explosion!
Cheibriados thoroughly appreciates the change of pace.
You feel a bit more experienced.
The killer bee explodes! x6
The fiery explosion engulfs you!!
* * * LOW HITPOINT WARNING * * *
The killer bee explodes!
The fiery explosion engulfs you!
* * * LOW HITPOINT WARNING * * *
The killer bee explodes!
The fiery explosion engulfs you!
* * * LOW HITPOINT WARNING * * *
The killer bee explodes! x2
The fiery explosion engulfs you!!
* * * LOW HITPOINT WARNING * * *
You are engulfed in blazing flames.
* * * LOW HITPOINT WARNING * * *
You die...

#......# ..
##.....# !.#
##....# §§# ######
§§# §§# .. §§ ...
§##...#
##########§§§[#
##......##@§§#
#........§§§§#
##........§§§§#
##............##
#.............#
##.............#
###.............##
##...............#
.................#


There were no monsters in sight!

Vanquished Creatures
  2 two-headed ogres
  A gargoyle (D:5)
  A komodo dragon (D:10)
  A troll (D:9)
  A queen bee (D:11)
  2 hornets
  Sigmund (D:4)
  3 shadows
  A spriggan (D:8)
  3 wraiths
  6 yaks
  Menkaure (D:5)
  3 steam dragons
  Grum (D:9)
  4 vampire mosquitoes (D:9)
  An acid dragon (D:8)
  3 water moccasins
  2 ice beasts (D:7)
  3 orc warriors
  2 black bears
  5 ogres
  A necrophage (D:8)
  3 wolves (D:9)
  3 centaurs
  A phantom (D:6)
  7 kobold brigands (D:9)
  3 bullfrogs
  A gnoll sergeant (D:9)
  3 scorpions
  A wyvern skeleton (D:5)
  26 killer bees
  3 howler monkeys
  A bullfrog zombie (D:3)
  A jelly (D:6)
  A centaur skeleton (D:5)
  2 centaur zombies
  3 hounds
  2 orc priests (D:7)
  A gnoll shaman (D:7)
  Ijyb (D:5)
  3 iguanas
  6 orc wizards
  Robin (D:4)
  14 gnolls
  10 adders
  3 white imps
  An adder skeleton (D:3)
  A worm (D:2)
  4 dart slugs
  37 orcs
  5 bats
  8 endoplasms
  2 giant cockroaches (D:2)
  13 goblins
  11 hobgoblins
  6 jackals
  4 quokkas
  13 ball pythons
  6 frilled lizards
  10 kobolds
  6 rats
275 creatures vanquished.

Vanquished Creatures (others)
  11 plants (D:4)
11 creatures vanquished.

Grand Total: 286 creatures vanquished

Notes
Turn   | Place    | Note
-------+----------+-------------------------------------------
     0 | D:1      | Grim the Troll Monk began the quest for the Orb.
     0 | D:1      | Reached XP level 1. HP: 22/22 MP: 0/0
    65 | D:1      | Reached XP level 2. HP: 28/29 MP: 1/1
   246 | D:1      | Reached skill level 4 in Unarmed Combat
   569 | D:2      | Reached XP level 3. HP: 33/36 MP: 2/2
  1000 | D:3      | Reached XP level 4. HP: 44/44 MP: 3/3
  1089 | D:3      | Reached skill level 5 in Unarmed Combat
  1358 | D:3      | Found a faded altar of an unknown god.
  1604 | D:3      | Found a broken altar of Ashenzari.
  1795 | D:4      | Noticed an ogre
  1796 | D:4      | Noticed Robin
  1873 | D:4      | Reached XP level 5. HP: 50/50 MP: 4/4
  1918 | D:3      | Reached skill level 6 in Unarmed Combat
  2198 | D:4      | Noticed Sigmund
  2395 | D:4      | Killed Sigmund
  2396 | D:4      | Reached skill level 7 in Unarmed Combat
  2396 | D:4      | Reached XP level 6. HP: 58/59 MP: 5/5
  2634 | D:4      | Reached skill level 8 in Unarmed Combat
  2652 | D:4      | Reached XP level 7. HP: 64/64 MP: 6/6
  2656 | D:4      | Killed Robin
  3013 | D:5      | Entered Level 5 of the Dungeon
  3023 | D:5      | Noticed Menkaure
  3024 | D:5      | Noticed Ijyb
  3326 | D:5      | Killed Menkaure
  3327 | D:5      | Reached skill level 9 in Unarmed Combat
  3340 | D:5      | Killed Ijyb
  3515 | D:5      | Reached XP level 8. HP: 74/74 MP: 7/7
  3525 | D:5      | Reached skill level 10 in Unarmed Combat
  3876 | D:5      | Found a large runed translucent door.
  3876 | D:5      | Found a large runed translucent door.
  3927 | D:5      | Noticed a gargoyle
  3957 | D:5      | Reached skill level 11 in Unarmed Combat
  3977 | D:5      | Found a large runed translucent door.
  3977 | D:5      | Found a large runed translucent door.
  4266 | D:5      | Killed a gargoyle
  4267 | D:5      | Reached skill level 12 in Unarmed Combat
  4350 | D:5      | Reached XP level 9. HP: 78/80 MP: 8/8
  4486 | D:6      | Found an iron altar of Okawaru.
  4608 | D:6      | Found a radiant altar of Vehumet.
  4860 | D:6      | Reached skill level 13 in Unarmed Combat
  4958 | D:6      | Found a basalt altar of Yredelemnul.
  5250 | D:7      | Found a staircase to the Ecumenical Temple.
  5259 | Temple   | Entered the Ecumenical Temple
  5310 | Temple   | Became a worshipper of Cheibriados the Contemplative
  5310 | Temple   | Reached * piety under Cheibriados
  5310 | Temple   | Reached ** piety under Cheibriados
  5475 | D:7      | Found an opulent altar of Gozag.
  5900 | D:8      | Reached skill level 14 in Unarmed Combat
  6001 | D:8      | Identified the +1 leather armour of Bidosk {rElec}
  6005 | D:8      | Reached *** piety under Cheibriados
  6006 | D:8      | Reached XP level 10. HP: 88/92 MP: 9/9
  6037 | D:8      | Found a sacrificial altar of Ru.
  6507 | D:9      | Learned a level 5 spell: Lee's Rapid Deconstruction
  6770 | D:9      | Reached skill level 1 in Earth Magic
  6853 | D:9      | Found a sparkling altar of Nemelex Xobeh.
  6874 | D:9      | Found Bothruda's Jewellery Shop.
  6884 | D:9      | Reached skill level 5 in Fighting
  6922 | D:9      | Bought an amulet of the acrobat for 390 gold pieces
  6955 | D:9      | Found a staircase to the Orcish Mines.
  6959 | D:9      | Reached **** piety under Cheibriados
  7130 | D:9      | Noticed a two-headed ogre
  7134 | D:9      | Killed a two-headed ogre
  7153 | D:9      | Found a staircase to the Lair.
  7164 | D:9      | Noticed Grum
  7169 | D:9      | Reached skill level 15 in Unarmed Combat
  7173 | D:9      | Killed Grum
  7452 | D:10     | Entered Level 10 of the Dungeon
  7536 | D:10     | Reached XP level 11. HP: 106/106 MP: 10/10
  7863 | D:10     | Noticed a two-headed ogre
  7869 | D:10     | Killed a two-headed ogre
  8118 | D:11     | Found a portal to a secret trove of treasure.
  8167 | D:10     | Reached ***** piety under Cheibriados
  8600 | D:11     | HP: 1/109 [cloud of flame (15)]
  8600 | D:11     | Succumbed to a killer bee's poison

Illustrated notes

Levels and vault maps discovered:
D:1:      denvon_arrival_planthouse, layout_rooms, grunt_decor_resistance
D:2:      layout_basic, minmay_tetromino_t2
D:3:      minmay_chambers_of_twos, layout_basic,
          mainiacjoe_overflow_tiny_flanked,
          hellmonk_ecumenical_altar_inner_sanctum,
          chequers_serial_rivers_small_3
D:4:      layout_basic, serial_forest, infiniplex_forest_straight_4,
          infiniplex_forest_clump_small, infiniplex_forest_corner_2,
          infiniplex_forest_end_double, infiniplex_forest_zigzag_1,
          infiniplex_forest_lined_room_, infiniplex_forest_diagonal,
          infiniplex_forest_clump_curved, infiniplex_forest_straight_4,
          uniq_robin, uniq_sigmund
D:5:      layout_basic, hex_medium, minmay_hollow_rounded_squares,
          uniq_menkaure, uniq_ijyb
D:6:      layout_loops_cross, mainiacjoe_overflow_surrounded_room,
          mainiacjoe_overflow_cross_hatched,
          mainiacjoe_overflow_concentric_impassable
D:7:      layout_rooms, grunt_gozag_statues, minmay_temple_entry_junction_2
D:8:      layout_loops_ring, nicolae_ru_awakened_eye, the_hattery
D:9:      layout_roguey, nemelex_diamond_rough_becter, lair_entry_dummy,
          kennysheep_orc_monster_closet_entryway, serial_shops,
          nicolae_shop_temple_entry_statues_fountains, minmay_stone_trees_small,
          uniq_grum
D:10:     layout_loops_ring
D:11:     layout_cave_pods, serial_column_ruins, column_ruins_hut_pillars,
          column_ruins_courtyard_long, column_ruins_open_tiny,
          column_ruins_grid_1, column_ruins_open_tiny, column_ruins_grid_3,
          column_ruins_open_small_water, enter_trove_0, special_room
          [special_room_bee]
Temple:   nicolae_temple_no_exploring_needed

Skill      XL: |  1  2  3  4  5  6  7  8  9 10 11 |
---------------+----------------------------------+-----
Unarmed Combat | 4 5 7 8 9 12 14 15 | 15.0
Fighting       | 4 6 7 |  7.6
Earth Magic    | 3 4 |  4.5
Dodging        | |  2.4
Stealth        | |  1.0

Action                   |  1- 3 |  4- 6 |  7- 9 | 10-12 || total
-------------------------+-------+-------+-------+-------++-------
Melee: Unarmed           |   106 |   137 |   235 |   178 ||   656
       Punch             |     2 |     3 |    11 |    16 ||    32
Throw: Stone             |       |    28 |    14 |       ||    42
       Boomerang         |       |       |     2 |       ||     2
       Throwing net      |       |       |     1 |       ||     1
       Dart              |       |       |       |    10 ||    10
Invok: Slouch            |       |       |       |     2 ||     2
Evoke: Wand              |       |       |     1 |       ||     1
  Use: Scroll            |       |     6 |     2 |     4 ||    12
       Potion            |       |       |     4 |       ||     4
 Stab: Sleeping          |     2 |     2 |     4 |     2 ||    10
Armor: Robe              |    50 |    45 |    85 |       ||   180
       Skin              |       |       |     2 |       ||     2
       Acid dragon scale |       |       |     1 |   102 ||   103
Dodge: Dodged            |    55 |    70 |    97 |   141 ||   363

Table legend: (Time is in decaauts)
 A = Elapsed time spent in this place.
 B = Non-inter-level travel time spent in this place.
 C = Inter-level travel time spent in this place.
 D = Time resting spent in this place.
 E = Time spent auto-exploring this place.
 F = Levels seen in this place.
 G = Mean time per level.
                   A        B        C        D        E       F      G
               +--------+--------+--------+--------+--------+-----+--------+
         Total |  10200 |   9689 |    511 |    771 |   6825 |  12 |  850.0 |
       Dungeon |  10137 |   9638 |    499 |    771 |   6825 |  11 |  921.5 |
        Temple |     62 |     51 |     11 |      0 |      0 |   1 |   62.0 |
               +--------+--------+--------+--------+--------+-----+--------+

Top non-repeatable levels by time:
     D:9: 1366 daAuts
     D:4: 1222 daAuts
     D:3: 1139 daAuts
    D:10: 1134 daAuts
     D:5: 1075 daAuts
     D:8: 1020 daAuts
    D:11: 774 daAuts
     D:6: 721 daAuts
     D:7: 718 daAuts
     D:1: 534 daAuts
     D:2: 429 daAuts
  Temple: 62 daAuts
